[Event "1er Tournoi de GM du Barreau de Paris"]
[Site "Paris, France"]
[Date "2019.12.16"]
[Round "1.1"]
[White "DAVID, Alberto"]
[Black "FEDORCHUK, Sergey"]
[Result "1/2-1/2"]
[TimeControl "1h30+30s\cp"]
[WhiteTitle "GM"]
[BlackTitle "GM"]
[WhiteElo "2545"]
[BlackElo "2636"]

1. e4 c5 2. Nf3 e6 3. c3 d5 4. e5 d4 5. g3 dxc3 6. dxc3 Qxd1+ 7. Kxd1 Bd7 8. Bd3 Bc6 9. Nbd2 Nd7 10.
Be4 Ne7 11. Re1 Nb6 12. c4 Rd8 13. Ke2 Bxe4 14. Nxe4 Nc6 15. b3 Be7 16. Be3 Nd7 17. Rad1 b6 18. Bf4 h6 19. h4 Ndb8 20.
Rxd8+ 1/2-1/2

[Event "1er Tournoi de GM du Barreau de Paris"]
[Site "Paris, France"]
[Date "2019.12.16"]
[Round "1.2"]
[White "LAMARD, Guillaume"]
[Black "RAKOTOMAHARO, Fy Antenaina"]
[Result "1-0"]
[TimeControl "1h30+30s\cp"]
[WhiteTitle "FM"]
[BlackTitle "IM"]
[WhiteElo "2452"]
[BlackElo "2438"]

1. Nf3 d5 2. d4 Nf6 3. c4 e6 4. g3 dxc4 5. Bg2 Nbd7 6. O-O Rb8 7. Qc2 b5 8. b3 Bb7 9. bxc4 bxc4 10.
Nbd2 c5 11. Nxc4 Be4 12. Qd1 Be7 13. dxc5 O-O 14. Bf4 Rb4 15. Rc1 Nxc5 16. Qxd8 Rxd8 17. Nfe5 Ra4 18. Bxe4 Ncxe4 19. Nc6 Re8 20.
Nxe7+ Rxe7 21. f3 Rxa2 22. fxe4 Nxe4 23. Nd6 Nxd6 24. Bxd6 Re8 25. Rc7 f6 26. Rb1 Kh8 27. Rbb7 Rg8 28.
Be7 Re8 29. Bd6 Rg8 30. Kf2 h5 31. Rf7 e5 32. Bf8 Kh7 33. Bxg7 Kg6 34. Bxf6 Re8 35. Bh4 Re6 36. Rxa7 1-0

[Event "1er Tournoi de GM du Barreau de Paris"]
[Site "Paris, France"]
[Date "2019.12.16"]
[Round "1.3"]
[White "DI NICOLANTONIO, Lucas"]
[Black "MAURIZZI, Marc Andria"]
[Result "1/2-1/2"]
[TimeControl "1h30+30s\cp"]
[WhiteTitle "IM"]
[BlackTitle "IM"]
[WhiteElo "2408"]
[BlackElo "2404"]

1. e4 e6 2. d4 d5 3. Nc3 Nf6 4. e5 Nfd7 5. f4 c5 6. Nf3 Nc6 7. Be3 Be7 8. Qd2 O-O 9. dxc5 Qa5 10.
O-O-O b6 11. Bb5 Nb4 12. a3 bxc5 13. Kb1 Rb8 14. axb4 cxb4 15. Nxd5 exd5 16. Bxd7 Bxd7 17. Qxd5 Qxd5 18.
Rxd5 Bc6 19. Ra5 Rfc8 20. b3 Be4 21. Rc1 a6 22. Nd2 Bxg2 23. Rxa6 Rc3 24. Ra7 Bf8 25. Bd4 Rh3 26. Bg1 g6 27.
Re1 Rd8 28. Re2 Bd5 29. Bb6 Rc8 30. Ra5 Be6 31. Ne4 Rf3 32. Nd6 Rc6 33. Rf2 Rxf2 34. Bxf2 Bxd6 35. exd6 Rxd6 36. Bc5 Rd2 37.
Bxb4 Rxh2 38. Bc3 Kf8 39. Bf6 Ke8 40. Ra7 Bf5 41. Re7+ Kf8 42. Rc7 Re2 43. Kb2 Re6 44. Rc8+ Re8 45.
Rxe8+ Kxe8 46. c4 Kd7 47. Kc3 h5 48. Kd4 Ke6 49. Bd8 f6 50. Ke3 Bc2 51. b4 Bb3 52. c5 Ba4 53. Kf3 Kf5 54.
Kg3 g5 55. fxg5 fxg5 56. c6 h4+ 57. Kh2 Bxc6 58. Bb6 Kf4 59. Bd8 Kf5 60. Bb6 Bb7 61. Bc5 g4 62. Bf2 g3+ 1/2-1/2

[Event "1er Tournoi de GM du Barreau de Paris"]
[Site "Paris, France"]
[Date "2019.12.16"]
[Round "1.4"]
[White "SOCHACKI, Wojtek"]
[Black "LOISEAU, Quentin"]
[Result "1/2-1/2"]
[TimeControl "1h30+30s\cp"]
[WhiteTitle "IM"]
[BlackTitle "IM"]
[WhiteElo "2320"]
[BlackElo "2470"]

1. d4 Nf6 2. c4 e6 3. Nc3 Bb4 4. Nf3 d5 5. Bg5 dxc4 6. e4 h6 7. Bxf6 Qxf6 8. Bxc4 c5 9. O-O cxd4 10.
Nb5 Qe7 11. Qxd4 O-O 12. Nxa7 Bc5 13. Nxc8 Rxc8 14. Qd3 Nc6 15. Qe2 Nd4 16. Nxd4 Bxd4 17. Rab1 1/2-1/2

[Event "1er Tournoi de GM du Barreau de Paris"]
[Site "Paris, France"]
[Date "2019.12.16"]
[Round "1.5"]
[White "MOUHAMAD, Joachim"]
[Black "GULIYEV, Namig"]
[Result "1/2-1/2"]
[TimeControl "1h30+30s\cp"]
[WhiteTitle "FM"]
[BlackTitle "GM"]
[WhiteElo "2293"]
[BlackElo "2548"]

1. d4 d5 2. Bf4 c5 3. e3 cxd4 4. exd4 Nc6 5. Nf3 Bf5 6. c3 e6 7. Nbd2 Bd6 8. Bxd6 Qxd6 9. Nh4 Bg6 10.
Nxg6 hxg6 11. Nf3 Nf6 12. Bd3 O-O 1/2-1/2



[ePGN "0.1;DGT LiveChess/2.2.5"]

[Event "1er Tournoi de GM du Barreau de Paris"]
[Site "Paris, France"]
[Date "2019.12.16"]
[Round "2.1"]
[White "FEDORCHUK, Sergey"]
[Black "MOUHAMAD, Joachim"]
[Result "1-0"]
[TimeControl "1h30+30s\cp"]
[WhiteTitle "GM"]
[BlackTitle "FM"]
[WhiteElo "2636"]
[BlackElo "2293"]

1. e4 e5 2. Nf3 Nf6 3. Nxe5 d6 4. Nf3 Nxe4 5. Nc3 Nxc3 6. dxc3 Be7 7. Be3 Nc6 8. Qd2 Be6 9. O-O-O Qd7 10.
b3 a6 11. Ng5 Bf5 12. Qd5 Bg6 13. Bd3 Bxg5 14. Qxg5 O-O 15. Be2 Qf5 16. Qxf5 Bxf5 17. c4 Rfe8 18. g4 Be4 19. Rhg1 a5 20.
a3 b6 21. h4 Ne5 22. Rg3 Nd7 23. Re1 Bc6 24. Bd2 Re6 25. Bd1 Rxe1 26. Bxe1 Re8 27. Bd2 Nc5 28. f3 Re6 29. h5 Nd7 30.
Rg1 Kf8 31. Bg5 Ne5 32. Rf1 Nd7 33. Kd2 Ke8 34. Be2 Ne5 35. Be3 Kf8 36. Bd4 Re8 37. Be3 Kg8 38. h6 g6 39. Bd4 f6 40.
f4 Nd7 41. b4 axb4 42. axb4 Kf7 43. Bd3 Bg2 44. Ra1 Ra8 45. Re1 Bf3 46. g5 c5 47. Bc3 f5 48. Bg7 Bc6 49. Kc3 Ra3+ 50.
Kd2 Ra8 51. Rb1 Ra4 52. Bc3 Ra3 53. Rg1 Ra4 54. b5 Bb7 55. Bxf5 gxf5 56. g6+ Kg8 57. gxh7+ Kxh7 58. Rg7+ Kxh6 59.
Rxd7 Be4 60. Rxd6+ Kh5 61. Rxb6 Kg4 62. Be5 Ra2 63. Kc3 Rxc2+ 64. Kb3 Rc1 65. Rc6 Rb1+ 66. Ka2 Rb4 67. Rxc5 Bd3 68.
Ka3 Rxc4 69. Rxc4 Bxc4 70. Kb4 1-0

[Event "1er Tournoi de GM du Barreau de Paris"]
[Site "Paris, France"]
[Date "2019.12.16"]
[Round "2.2"]
[White "GULIYEV, Namig"]
[Black "LAMARD, Guillaume"]
[Result "1/2-1/2"]
[TimeControl "1h30+30s\cp"]
[WhiteTitle "GM"]
[BlackTitle "FM"]
[WhiteElo "2548"]
[BlackElo "2452"]

1. e4 c5 2. Nf3 d6 3. Bb5+ Bd7 4. Bxd7+ Qxd7 5. O-O Nc6 6. c3 Nf6 7. Qe2 e6 8. d4 cxd4 9. cxd4 d5 10.
e5 Ne4 11. Be3 Be7 12. Ne1 f6 13. f3 Ng5 14. Nd3 O-O 15. Nd2 b6 16. Rae1 Rac8 17. exf6 Bxf6 18. Ne5 Qe7 19. f4 Bxe5 20.
dxe5 Nf7 21. Nf3 Nh6 22. h3 Nf5 23. Bf2 Qb4 24. Ng5 Rce8 25. g3 h6 26. Nf3 Rc8 27. Rd1 Qe4 28. Rfe1 Qxe2 29.
Rxe2 g5 30. fxg5 Nxg3 31. Bxg3 Rxf3 32. Kg2 Rff8 33. gxh6 Ne7 34. Rd4 Kh7 35. Rg4 Nf5 36. Bf4 Rc4 37. b3 1/2-1/2

[Event "1er Tournoi de GM du Barreau de Paris"]
[Site "Paris, France"]
[Date "2019.12.16"]
[Round "2.3"]
[White "RAKOTOMAHARO, Fy Antenaina"]
[Black "SOCHACKI, Wojtek"]
[Result "1-0"]
[TimeControl "1h30+30s\cp"]
[WhiteTitle "IM"]
[BlackTitle "IM"]
[WhiteElo "2438"]
[BlackElo "2320"]

1. e4 e5 2. Nf3 Nc6 3. Bc4 Nf6 4. d3 Be7 5. O-O O-O 6. Re1 d6 7. a4 Be6 8. Nbd2 Qd7 9. c3 a6 10.
Bxe6 fxe6 11. b4 Nh5 12. Nf1 Nf4 13. Ra2 Rf6 14. g3 Nh5 15. Ng5 Qe8 16. d4 h6 17. Nxe6 Rxe6 18. d5 Rf6 19.
dxc6 bxc6 20. Qb3+ Kh7 21. Ne3 Qd7 22. Qd1 Qe8 23. Nf5 Bf8 24. c4 Qf7 25. Ne3 Be7 26. Nf5 Bf8 27. Ne3 Kh8 28.
Rc2 Be7 29. Nf5 Bf8 30. Bb2 Re8 31. Ne3 Be7 32. c5 dxc5 33. Ng4 Nf4 34. gxf4 Rxf4 35. Nxe5 Qe6 36. Qh5 1-0

[Event "1er Tournoi de GM du Barreau de Paris"]
[Site "Paris, France"]
[Date "2019.12.16"]
[Round "2.4"]
[White "DI NICOLANTONIO, Lucas"]
[Black "DAVID, Alberto"]
[Result "0-1"]
[TimeControl "1h30+30s\cp"]
[WhiteTitle "IM"]
[BlackTitle "GM"]
[WhiteElo "2408"]
[BlackElo "2545"]

1. e4 c6 2. d4 d5 3. f3 e6 4. Nc3 Bb4 5. a3 Ba5 6. Be3 Ne7 7. Qd2 O-O 8. b4 Bc7 9. e5 c5 10.
bxc5 Ba5 11. Bd3 Nd7 12. Nge2 b6 13. c6 Nb8 14. O-O Ba6 15. Bg5 Bxd3 16. Qxd3 Bxc3 17. Qxc3 Nbxc6 18. Bxe7 Nxe7 19.
f4 Rc8 20. Qd2 Qd7 21. c3 Rc7 22. Rf3 Qa4 23. g4 f5 24. exf6 Rxf6 25. Kh1 Nc8 26. Ng3 Nd6 27. Qe2 Qd7 28.
Re1 Nb5 29. Qd2 Nxa3 30. f5 Nc4 31. Qe2 exf5 32. Nxf5 Nd6 33. Nxd6 Qxd6 34. Qe8+ Rf8 35. Re5 h6 36. Rxf8+ Qxf8 37.
Qg6 Qf1# 0-1

[Event "1er Tournoi de GM du Barreau de Paris"]
[Site "Paris, France"]
[Date "2019.12.16"]
[Round "2.5"]
[White "MAURIZZI, Marc Andria"]
[Black "LOISEAU, Quentin"]
[Result "1-0"]
[TimeControl "1h30+30s\cp"]
[WhiteTitle "IM"]
[BlackTitle "IM"]
[WhiteElo "2404"]
[BlackElo "2470"]

1. e4 c5 2. Nf3 d6 3. d4 cxd4 4. Nxd4 Nf6 5. Nc3 a6 6. h4 e5 7. Nb3 Be6 8. Bg5 Be7 9. Bxf6 Bxf6 10.
g3 Nc6 11. Nd5 Rc8 12. Qd2 O-O 13. O-O-O a5 14. Nc3 Nb4 15. Kb1 d5 16. exd5 Bf5 17. Bd3 Bxd3 18. cxd3 a4 19. Nxa4 Nxd5 20.
Rc1 Ra8 21. Nc3 Nb4 22. Rhd1 Be7 23. Qe3 Qd6 24. a3 Nd5 25. Nxd5 Qxd5 26. d4 e4 27. Nc5 f5 28. f3 b6 29.
fxe4 Qf7 30. Nb3 fxe4 31. d5 Bd6 32. Qxe4 Rae8 33. Qd3 Qf2 34. Nd4 Re3 35. Qc2 Rxg3 36. Ne6 Qxc2+ 37. Rxc2 Re8 38.
Rc6 Be5 39. d6 Rb3 40. d7 1-0



[ePGN "0.1;DGT LiveChess/2.2.5"]

[Event "1er Tournoi de GM du Barreau de Paris"]
[Site "Paris, France"]
[Date "2019.12.17"]
[Round "3.1"]
[White "LAMARD, Guillaume"]
[Black "FEDORCHUK, Sergey"]
[Result "0-1"]
[TimeControl "1h30+30s\cp"]
[WhiteTitle "FM"]
[BlackTitle "GM"]
[WhiteElo "2452"]
[BlackElo "2636"]

1. Nf3 Nf6 2. c4 e6 3. g3 b6 4. Bg2 Bb7 5. O-O Be7 6. b3 O-O 7. Bb2 d5 8. e3 dxc4 9. bxc4 c5 10.
Nc3 Nc6 11. Qe2 Qc7 12. Rfd1 a6 13. Rab1 Rab8 14. Ba1 Rfd8 15. d3 h6 16. Ne1 Na7 17. f4 b5 18. g4 b4 19. Ne4 Nxe4 20.
dxe4 Rxd1 21. Rxd1 Rd8 22. Rxd8+ Qxd8 23. Nd3 Nc8 24. f5 Nb6 25. Nf4 Bc8 26. Nh5 Bf8 27. f6 g6 28. Nf4 a5 29. Qc2 Ba6 30. Bf1 Qd7 31.
e5 Qa4 32. Qb1 Bxc4 33. Bxc4 Nxc4 34. Nxg6 Nxe3 35. Ne7+ Kh8 36. Qd3 Qd1+ 37. Qxd1 Nxd1 38. Kf1 Ne3+ 39. Ke2 Nd5 40. Nc6 a4 41.
Kd3 a3 42. h4 h5 43. gxh5 Kh7 44. Nd8 Kg8 45. Nc6 Nb6 46. Nd8 Bh6 47. Nc6 Bf4 48. Ke4 Bc1 49. Kd3 Bh6 50. Nd8 c4+ 51.
Kc2 c3 52. Bxc3 bxc3 53. Kxc3 Bc1 54. Kd4 Nd5 55. Nc6 Bb2+ 56. Kc4 Ne3+ 57. Kd3 Nf5 58. Ke4 Nxh4 59. Kf4 Bc1+ 60. Ke4 Ng2 61.
Nd4 Ne1 62. Nc6 Nc2 63. Ne7+ Kh7 64. Nc6 Bh6 65. Kd3 Ne3 66. Nd8 Kg8 67. Nc6 Nf5 68. Na5 Ng3 69. Nc4 Bf8 70. Kc3 Nxh5 71.
Kb3 Nf4 72. Nxa3 Bxa3 73. Kxa3 Nd3 0-1

[Event "1er Tournoi de GM du Barreau de Paris"]
[Site "Paris, France"]
[Date "2019.12.17"]
[Round "3.2"]
[White "DAVID, Alberto"]
[Black "MAURIZZI, Marc Andria"]
[Result "1/2-1/2"]
[TimeControl "1h30+30s\cp"]
[WhiteTitle "GM"]
[BlackTitle "IM"]
[WhiteElo "2545"]
[BlackElo "2404"]

1. c4 b6 2. d4 Bb7 3. Nc3 e6 4. a3 f5 5. Bf4 Nf6 6. e3 g6 7. Nf3 Bg7 8. Be2 O-O 9. O-O Ne4 10.
Nxe4 fxe4 11. Nd2 Bxd4 12. Qc2 Bg7 13. Nxe4 Nc6 14. Bg3 Ne7 15. Rad1 Nf5 16. b4 Qe7 17. c5 Bxe4 18. Qxe4 bxc5 19.
bxc5 d5 20. cxd6 cxd6 21. Rb1 d5 22. Qa4 Nxg3 23. hxg3 Rab8 24. Rb3 Rxb3 25. Qxb3 Be5 1/2-1/2

[Event "1er Tournoi de GM du Barreau de Paris"]
[Site "Paris, France"]
[Date "2019.12.17"]
[Round "3.3"]
[White "SOCHACKI, Wojtek"]
[Black "GULIYEV, Namig"]
[Result "0-1"]
[TimeControl "1h30+30s\cp"]
[WhiteTitle "IM"]
[BlackTitle "GM"]
[WhiteElo "2320"]
[BlackElo "2548"]

1. e4 c5 2. Nf3 d6 3. d4 cxd4 4. Qxd4 Nf6 5. c4 Nc6 6. Qe3 Bg4 7. Nbd2 g6 8. Be2 Bg7 9. O-O O-O 10.
h3 Bxf3 11. Nxf3 Nd7 12. Rb1 a5 13. b3 Qb6 14. Qxb6 Nxb6 15. a3 Nd7 16. Rd1 Nc5 17. Bd3 Nd4 18. Nxd4 Bxd4 19. Bc2 e5 20.
Kf1 Kg7 21. Ke2 Rfc8 22. a4 Ne6 23. Be3 Bxe3 24. fxe3 Ra6 25. Kd3 h5 26. Kc3 h4 27. Rd2 Kf6 28. Rf1+ Ke7 29. Rdf2 Rf8 30.
Rb1 Nc5 31. Rbf1 f6 32. Rf3 Rf7 33. R3f2 Ra8 34. Rd2 Ke6 35. Rfd1 Rd7 36. Rd5 Rh8 37. R1d2 Rh5 38. b4 axb4+ 39. Kxb4 Rg5 40. Kb5 Rg3 41. Re2 Rc7 42. a5 Rc6 43. Rd1 Rg5 44. Rf2 Rc7 45. Kb6 Rf7 46. Rxd6 Kxd6 47. Rd2 Ke6 48.
Kxc5 Rd7 49. Re2 f5 50. Kb6 f4 51. c5 Rg3 52. Bb3 Ke7 53. Bd5 Rxe3 54. Rb2 f3 55. gxf3 Rxf3 56. Bxb7 Rxh3 57.
Bc8 Rd8 58. Kc7 Rc3 59. c6 Rxc6+ 60. Kxc6 Rxc8+ 61. Kd5 Kf6 62. Rf2+ Kg5 63. Rg2 Kh5 64. a6 g5 65. Kxe5 Re8+ 66.
Kf6 Rf8+ 67. Ke6 h3 68. Rb2 Ra8 69. Ra2 g4 70. Ra3 h2 71. Ra1 g3 72. Rh1 Kg4 0-1

[Event "1er Tournoi de GM du Barreau de Paris"]
[Site "Paris, France"]
[Date "2019.12.17"]
[Round "3.4"]
[White "LOISEAU, Quentin"]
[Black "RAKOTOMAHARO, Fy Antenaina"]
[Result "1/2-1/2"]
[TimeControl "1h30+30s\cp"]
[WhiteTitle "IM"]
[BlackTitle "IM"]
[WhiteElo "2470"]
[BlackElo "2438"]

1. Nf3 d5 2. d4 Nf6 3. c4 e6 4. g3 Bb4+ 5. Bd2 Be7 6. Bg2 O-O 7. O-O Nbd7 8. Bf4 b6 9. Nc3 Bb7 10.
Ne5 c6 11. h4 a5 12. e4 dxc4 13. Nxc4 Ba6 14. b3 b5 15. Ne3 b4 16. Ne2 Nh5 17. Nc4 Nxf4 18. Nxf4 Bxc4 19. bxc4 e5 20.
Nd3 exd4 21. e5 Qb6 22. Re1 Nc5 23. Be4 Nxe4 24. Rxe4 a4 25. Rb1 b3 26. axb3 a3 27. Qc2 Rfb8 28.
c5 Qb5 29. b4 a2 30. Ra1 Ra3 31. Rxd4 Rd8 32. Rxd8+ Bxd8 33. Nf4 Qxb4 34. Rxa2 Qe1+ 35.
Kh2 Rxa2 36. Qxa2 Qxe5 37. Qa8 Qe8 38. Nd3 Kf8 39. Nb4 Be7 40. Qa7 Qc8 41. Qb6 g5 42. Nxc6 Qf5 43. Qb8+ Kg7 44.
Qg8+ Kh6 45. hxg5+ Bxg5 46. Qf8+ Kh5 47. Kg1 Qb1+ 48. Kh2 Qf5 49. Kg1 Qb1+ 50. Kh2 1/2-1/2

[Event "1er Tournoi de GM du Barreau de Paris"]
[Site "Paris, France"]
[Date "2019.12.17"]
[Round "3.5"]
[White "MOUHAMAD, Joachim"]
[Black "DI NICOLANTONIO, Lucas"]
[Result "0-1"]
[TimeControl "1h30+30s\cp"]
[WhiteTitle "FM"]
[BlackTitle "IM"]
[WhiteElo "2293"]
[BlackElo "2408"]

1. d4 d5 2. Bf4 c5 3. e3 cxd4 4. exd4 Nc6 5. Nf3 Bf5 6. c3 e6 7. Qb3 Qd7 8. Nh4 Bg6 9. Nxg6 hxg6 10.
Nd2 Bd6 11. Bxd6 Qxd6 12. Nf3 Nge7 13. h4 Rb8 14. a4 a6 15. a5 f6 16. Be2 g5 17. g3 Kf7 18. Kd2 g4 19. Ne1 e5 20.
Nc2 exd4 21. cxd4 f5 22. Ra4 Rhe8 23. Ne3 Kf8 24. Qd3 Kg8 25. Bd1 Rbc8 26. Bb3 Nxa5 27. Ba2 Nac6 28. Qb3 Qf6 29.
Qb6 Kh8 30. h5 f4 31. Nxg4 Qg5 32. f3 fxg3+ 33. Kd1 Nf5 34. h6 g6 35. Qxb7 0-1



[ePGN "0.1;DGT LiveChess/2.2.5"]

[Event "1er Tournoi de GM du Barreau de Paris"]
[Site "Paris, France"]
[Date "2019.12.18"]
[Round "4.1"]
[White "DAVID, Alberto"]
[Black "MOUHAMAD, Joachim"]
[Result "1-0"]
[TimeControl "1h30+30s\cp"]
[WhiteTitle "GM"]
[BlackTitle "FM"]
[WhiteElo "2545"]
[BlackElo "2293"]

1. Nf3 Nf6 2. c4 g6 3. Nc3 Bg7 4. e4 d6 5. d4 O-O 6. h3 e5 7. d5 a5 8. g4 Ne8 9. Rg1 Na6 10.
Bg5 f6 11. Be3 f5 12. gxf5 gxf5 13. Bg5 Qd7 14. Nh4 fxe4 15. Nxe4 Nc5 16. Nxc5 dxc5 17. Bd3 Qf7 18. Qc2 Qh5 19.
Be2 Qf7 20. O-O-O Ra6 21. Rg3 Kh8 22. Rdg1 Qxf2 23. Kb1 Qf7 24. Rf3 Qg8 25. Be7 Rxf3 26. Nxf3 Rh6 27. Nxe5 Nd6 28. Qd2 Bf5+ 29.
Ka1 Qe8 30. Rxg7 Kxg7 31. Qg5+ Rg6 32. Nxg6 Qxg6 33. h4 Qxg5 34. Bxg5 Kf7 35. Bd8 Ne8 36. Bh5+ Bg6 37. Bg4 Bd3 38.
b3 a4 39. Kb2 axb3 40. axb3 b5 41. Kc3 bxc4 42. bxc4 Bf1 43. Bd7 Nd6 44. Be6+ Ke8 45. Bxc7 Ne4+ 46. Kb3 Nd2+ 47. Kc3 Ne4+ 48.
Kb3 Nd2+ 49. Kc2 Nxc4 50. d6 Ne5 51. Bb6 Nd7 52. Ba5 Be2 53. Bf5 h5 54. Bg6+ Kf8 55. Bc3 Bg4 56. Kd3 Nb6 57. Ke4 Na4 58. Bf6 Nb6 59. Bc3 Bd1 60. Ke5 Kg7 61. Kf5+ Kh6 62. Bd2+ Kg7 63. Kg5 c4 64. Bc3+ Kf8 65. Bd4 Nd7 66. Kh6 Be2 67. Kh7 Bd3 68. Bg7# 1-0

[Event "1er Tournoi de GM du Barreau de Paris"]
[Site "Paris, France"]
[Date "2019.12.18"]
[Round "4.2"]
[White "FEDORCHUK, Sergey"]
[Black "SOCHACKI, Wojtek"]
[Result "1-0"]
[TimeControl "1h30+30s\cp"]
[WhiteTitle "GM"]
[BlackTitle "IM"]
[WhiteElo "2636"]
[BlackElo "2320"]

1. e4 e5 2. Nf3 Nc6 3. Bb5 a6 4. Ba4 Nf6 5. d3 b5 6. Bb3 Be7 7. a4 Bb7 8. Nc3 O-O 9. Bd2 Nd4 10.
Nxd4 exd4 11. Ne2 d5 12. e5 Ng4 13. Bf4 f6 14. exf6 Bxf6 15. O-O Bh4 16. g3 Bf6 17. axb5 axb5 18.
Rxa8 Bxa8 19. h3 Ne5 20. Nxd4 Qd7 21. Re1 Re8 22. Bxe5 Rxe5 23. Rxe5 Bxe5 24. Qa1 Bb7 25. Qa7 c6 26.
c3 h5 27. h4 Bf6 28. Bd1 g6 29. Bf3 Kg7 30. Kg2 Kh6 31. b4 g5 32. hxg5+ Kxg5 33. Qb8 Bc8 34. Qf4+ Kg6 35. Bxh5+ Kg7 36.
Bf3 Qh3+ 37. Kg1 Kg6 38. Nxc6 Qf5 39. Qxf5+ Bxf5 40. Nd4 Bxd3 41. Bxd5 Bg5 42. f4 Bf6 43. Kf2 1-0

[Event "1er Tournoi de GM du Barreau de Paris"]
[Site "Paris, France"]
[Date "2019.12.18"]
[Round "4.3"]
[White "DI NICOLANTONIO, Lucas"]
[Black "LAMARD, Guillaume"]
[Result "0-1"]
[TimeControl "1h30+30s\cp"]
[WhiteTitle "IM"]
[BlackTitle "FM"]
[WhiteElo "2408"]
[BlackElo "2452"]

1. e4 c5 2. Nc3 d6 3. d4 cxd4 4. Qxd4 Nc6 5. Qd2 g6 6. b3 Bh6 7. f4 Nf6 8. Bb2 e5 9. g3 O-O 10.
O-O-O Re8 11. Kb1 Nd4 12. Bg2 Bg4 13. Rf1 d5 14. exd5 Bf5 15. Rc1 b5 16. Nge2 b4 17. Na4 Nxd5 18.
Nxd4 exd4 19. Bxd4 Qa5 20. Rhe1 Red8 21. Qe2 Rac8 22. Qe5 f6 23. Bxd5+ Qxd5 24. Qxf6 Qxd4 25. Re8+ Rxe8 26. Qxd4 Rxc2 27.
Rxc2 Re1+ 28. Kb2 Bg7 29. Qxg7+ Kxg7 30. Rc7+ Kh6 31. a3 Re2+ 32. Ka1 bxa3 33. Rxa7 Rxh2 34. Nc3 Rg2 35. Nd5 Rxg3 36.
Nf6 g5 37. fxg5+ Rxg5 38. Ka2 Rg1 39. Rc7 Rh1 40. Kxa3 Kg5 41. Nxh7+ Bxh7 42. b4 Kf6 43. b5 Bd3 44. b6 Rb1 45.
Rc3 Be4 46. Rb3 Ra1+ 47. Kb4 Bd5 48. Ra3 Rb1+ 49. Kc5 Ke5 50. Re3 Be4 51. Rc3 Rd1 52. Rb3 Rc1+ 53. Kb5 Kd6 54. Rb2 Bc6+ 55.
Ka5 Kc5 56. Ra2 Bd5 57. Ra3 Rb1 58. Ka6 Rxb6+ 59. Ka7 Rb7+ 60. Ka6 Rh7 61. Ra5+ Kc6 62. Ra4 Rh8 63. Ka7 Kc7 64. Rc4 Bc6 0-1

[Event "1er Tournoi de GM du Barreau de Paris"]
[Site "Paris, France"]
[Date "2019.12.18"]
[Round "4.4"]
[White "MAURIZZI, Marc Andria"]
[Black "RAKOTOMAHARO, Fy Antenaina"]
[Result "1-0"]
[TimeControl "1h30+30s\cp"]
[WhiteTitle "IM"]
[BlackTitle "IM"]
[WhiteElo "2404"]
[BlackElo "2438"]

1. e4 c5 2. Nf3 Nc6 3. d4 cxd4 4. Nxd4 Nf6 5. Nc3 e6 6. Nxc6 bxc6 7. e5 Nd5 8. Ne4 Qc7 9. f4 Qb6 10.
c4 Bb4+ 11. Ke2 f5 12. exf6 Nxf6 13. Be3 Qd8 14. Nd6+ Bxd6 15. Qxd6 Bb7 16. Rd1 c5 17. Qxc5 Rc8 18. Qb4 Qc7 19.
Ke1 Ng4 20. Bc1 Qc6 21. Qd6 Qe4+ 22. Be2 Nf6 23. Qd4 Qxg2 24. Rg1 Qxh2 25. Rxg7 Rf8 26. f5 Rf7 27. Rxf7 Kxf7 28. fxe6+ dxe6 29.
Bf4 Qg2 30. Rd3 Qh1+ 31. Kd2 Ne4+ 32. Kc2 Nc5 33. Rd1 Qg2 34. Qe3 Be4+ 35. Kc1 Bg6 36. Be5 Ke8 37. Bd4 Qe4 38. Qxe4 Nxe4 39.
b3 Rc7 40. Kb2 Rf7 41. c5 Nf2 42. Bb5+ Ke7 43. Rd2 Ne4 44. Rc2 Ng3 45. Rc1 Nf5 46. Be5 Ne3 47. Bd6+ Kd8 48. c6 Nd5 49.
a4 a5 50. Ka3 Be4 51. Bg3 Rg7 52. Be1 Ra7 53. Bg3 Kc8 54. Be5 Bg6 55. Rf1 Bf5 56.
Bc4 Rf7 57. Ba6+ Kd8 58. Rd1 Ke8 59. Bb5 Nc7 60. Bc3 Bc2 61. Rd2 Be4 62. Bxa5 Bd5 63. Kb4 Kd8 64. Bc4 Kc8 65. Bxc7 Bxc4 66. Kxc4 Kxc7 67. Rd7+ Rxd7 68. cxd7 h5 69. Kd4 1-0

[Event "1er Tournoi de GM du Barreau de Paris"]
[Site "Paris, France"]
[Date "2019.12.18"]
[Round "4.5"]
[White "GULIYEV, Namig"]
[Black "LOISEAU, Quentin"]
[Result "1/2-1/2"]
[TimeControl "1h30+30s\cp"]
[WhiteTitle "GM"]
[BlackTitle "IM"]
[WhiteElo "2548"]
[BlackElo "2470"]

1. e4 e5 2. Nf3 Nc6 3. Bb5 a6 4. Ba4 Nf6 5. O-O Be7 6. d3 b5 7. Bb3 d6 8. a4 Bd7 9. c3 O-O 10.
Nbd2 Na5 11. Bc2 c5 12. axb5 axb5 13. Re1 Qc7 14. Nf1 Nc6 15. Rxa8 Rxa8 16. Ne3 Bd8 17. h3 1/2-1/2



[ePGN "0.1;DGT LiveChess/2.2.5"]

[Event "1er Tournoi de GM du Barreau de Paris"]
[Site "Paris, France"]
[Date "2019.12.18"]
[Round "5.1"]
[White "LAMARD, Guillaume"]
[Black "DAVID, Alberto"]
[Result "1/2-1/2"]
[TimeControl "1h30+30s\cp"]
[WhiteTitle "FM"]
[BlackTitle "GM"]
[WhiteElo "2452"]
[BlackElo "2545"]

1. e4 c6 2. Nf3 g6 3. Nc3 Bg7 4. d4 d6 5. h3 Nf6 6. Bd3 Qc7 7. O-O e5 8. dxe5 dxe5 9. Ne2 O-O 10.
Ng3 Nbd7 11. Be3 Rd8 12. Qd2 Nf8 13. Qc3 Ne8 1/2-1/2

[Event "1er Tournoi de GM du Barreau de Paris"]
[Site "Paris, France"]
[Date "2019.12.18"]
[Round "5.2"]
[White "SOCHACKI, Wojtek"]
[Black "DI NICOLANTONIO, Lucas"]
[Result "1/2-1/2"]
[TimeControl "1h30+30s\cp"]
[WhiteTitle "IM"]
[BlackTitle "IM"]
[WhiteElo "2320"]
[BlackElo "2408"]

1. e4 c5 2. Nf3 d6 3. d4 cxd4 4. Qxd4 Nf6 5. Be2 Nc6 6. Qe3 g6 7. O-O Bg7 8. c4 O-O 9. Nc3 Bg4 10.
Rd1 Bxf3 11. Bxf3 Qa5 12. Bd2 Nd7 13. Rac1 Qc5 14. Na4 Qxe3 15. Bxe3 Nb6 16. Nxb6 axb6 17. b3 Rxa2 18. Bxb6 Rfa8 19.
Be3 Rb2 20. Rb1 Ra3 21. Rxb2 Bxb2 22. Rb1 Bd4 23. Bd2 Ra2 24. Be1 Ne5 25. Kf1 Nd3 26. Be2 Nc5 27. f3 e5 28. b4 Ne6 29.
g3 Rc2 30. h4 Be3 31. Rb3 Bd4 32. Ra3 Rc1 33. Bd3 Bb2 34. Rb3 Bd4 35. Rb1 Rxb1 36. Bxb1 Kf8 37. Bc2 Ke7 38. Ke2 f6 39.
Kd3 Bg1 40. Bd1 Bb6 41. Ke2 Bd4 42. Bd2 Bg1 43. f4 Bb6 44. fxe5 fxe5 45. Kd3 Bf2 46. h5 gxh5 47. Bxh5 Bxg3 48.
Ke2 Bf4 49. Be1 Bg5 50. Bg3 Bc1 51. Bh4+ Bg5 52. Bg3 Nd4+ 53. Kd3 Nc6 54. Kc3 Kd7 55. Bg4+ Kc7 56. c5 dxc5 57. bxc5 Bf4 58.
Bh4 Nb8 59. Kc4 Nd7 60. Kd5 Be3 61. Be7 Bxc5 62. Bxc5 Nf6+ 63. Kxe5 Nxg4+ 64. Kf5 h5 65. e5 Kd7 66. e6+ Ke8 67.
Kg5 Ne5 68. Kxh5 Nd3 69. Bd6 b5 70. Kg5 b4 71. Bxb4 1/2-1/2

[Event "1er Tournoi de GM du Barreau de Paris"]
[Site "Paris, France"]
[Date "2019.12.18"]
[Round "5.3"]
[White "LOISEAU, Quentin"]
[Black "FEDORCHUK, Sergey"]
[Result "0-1"]
[TimeControl "1h30+30s\cp"]
[WhiteTitle "IM"]
[BlackTitle "GM"]
[WhiteElo "2470"]
[BlackElo "2636"]

1. e4 c5 2. Nf3 Nc6 3. d4 cxd4 4. Nxd4 Qb6 5. Nb3 Nf6 6. Nc3 e6 7. Qe2 d6 8. g4 a6 9. Be3 Qc7 10.
g5 Nd7 11. f4 b5 12. Bg2 Be7 13. O-O Rb8 14. Rae1 Nb6 15. Kh1 Nc4 16. Bg1 O-O 17. Qh5 g6 18. Qh6 Re8 19. Nd5 exd5 20.
exd5 Bb7 21. dxc6 Qxc6 22. Qh3 Qxg2+ 23. Qxg2 Bxg2+ 24. Kxg2 Nxb2 25. Bd4 Nc4 26. Rf2 Bf8 27. Rfe2 Rxe2+ 28. Rxe2 h6 29. Bf6 Rc8 30. h4 Nb6 31.
Rd2 Re8 32. Na5 Nd7 33. Bd4 Nc5 34. Bxc5 dxc5 35. Nc6 Re6 36. Ne5 hxg5 37. hxg5 Bd6 38. Rd5 c4 39. Kf3 Kf8 40. Ng4 Ke7 41.
Ne3 Ba3 42. f5 Rd6 43. Re5+ Kd7 44. Nd5 Bb2 45. Nf6+ Rxf6 0-1

[Event "1er Tournoi de GM du Barreau de Paris"]
[Site "Paris, France"]
[Date "2019.12.18"]
[Round "5.4"]
[White "MOUHAMAD, Joachim"]
[Black "MAURIZZI, Marc Andria"]
[Result "0-1"]
[TimeControl "1h30+30s\cp"]
[WhiteTitle "FM"]
[BlackTitle "IM"]
[WhiteElo "2293"]
[BlackElo "2404"]

1. d4 Nf6 2. Bf4 d5 3. e3 c5 4. Nf3 e6 5. Nbd2 Nc6 6. c3 cxd4 7. exd4 Nh5 8. Be3 Bd6 9. Ne5 g6 10.
Nd3 Ng7 11. g3 O-O 12. Bg2 b6 13. O-O Ba6 14. Nf3 Nf5 15. Re1 Nce7 16. Bf4 Bxd3 17. Bxd6 Nxd6 18. Qxd3 b5 19. h4 Rb8 20.
a3 h5 21. Ng5 a5 22. Bf3 Ndf5 23. Qe2 Ng7 24. Qd2 Qd6 25. Be2 Ngf5 26. Bf1 b4 27. cxb4 axb4 28. a4 Qb6 29. Nf3 Nc6 30.
Rad1 Rfc8 31. Bb5 Na7 32. Bf1 b3 33. a5 Qb4 34. Qg5 Qe7 35. Qf4 Qd6 36. Re5 Qc7 37. Ba6 Nc6 38. Rc1 Qd8 39.
Rxf5 exf5 40. Bxc8 Rxc8 41. Qh6 Nxa5 42. Ra1 Ra8 43. Ng5 Qf6 44. Qh7+ Kf8 45. Nf3 Ra7 46. Ne5 Qg7 47. Qxg7+ Kxg7 48. Ra3 Nc6 49. Rxa7 Nxa7 50. Kf1 Nb5 51. Nc6 Kf6 52.
Ke2 f4 53. gxf4 Kf5 54. Kf3 f6 55. Ne7+ Ke6 56. Nxg6 Nxd4+ 57. Ke3 Nf5+ 0-1